 Dungeon Crawl Stone Soup version 0.27-a0-1200-g94dc6ad4cf (webtiles) character file.

Game seed: 3890396941839208523

578 flotson the Covert (level 7, 0/60 HPs)
             Began as a Gnoll Delver on May 31, 2021.
             Slain by a kobold brigand
             ... wielding a +2 short sword of speed
              (3 damage)
             ... in a sewer.
             The game lasted 00:08:12 (2617 turns).

flotson the Covert (Gnoll Delver)                   Turns: 2617, Time: 00:08:13

Health: 0/60       AC:  5    Str: 14    XL:     7   Next: 36%
Magic:  10/10      EV: 12    Int:  9    God:
Gold:   20         SH:  0    Dex: 13    Spells: 10/10 levels left

rFire    . . .     SeeInvis .   a - +2 short sword (elec)
rCold    . . .     Faith    .   (no shield)
rNeg     . . .     Spirit   .   f - +0 ring mail
rPois    .         Reflect  .   (no helmet)
rElec    .         Harm     .   (no cloak)
rCorr    .         Rampage  .   (no gloves)
Will     .....                  (no boots)
Stlth    ++++......             (no amulet)
HPRegen  0.20/turn              (no ring)
MPRegen  0.12/turn              (no ring)

@: slowed, very slow
A: fangs 1, strong nose, distributed training
a: no special abilities


You were in a sewer.
You visited 1 branch of the dungeon, and saw 3 of its levels.
You also visited: Sewer.

You collected 20 gold pieces.

Inventory:

Hand Weapons
 a - a +2 short sword of electrocution (weapon)
 b - a +0 hand crossbow
 m - a +0 spear
Missiles
 h - 29 bolts
 i - 3 boomerangs (quivered)
 j - 31 poisoned darts
Armour
 f - a +0 ring mail (worn)
Wands
 g - a wand of digging (3)
Scrolls
 d - a scroll of brand weapon {unknown}
 e - a scroll of blinking {unknown}
 l - a scroll of teleportation {unknown}


   Skills:
 + Level 7.0 Fighting
 + Level 2.4 Short Blades
 + Level 2.4 Long Blades
 + Level 2.4 Axes
 + Level 2.4 Maces & Flails
 + Level 5.2 Polearms
 + Level 2.4 Staves
 + Level 2.4 Slings
 + Level 2.4 Bows
 + Level 2.4 Crossbows
 + Level 2.4 Throwing
 + Level 2.4 Armour
 + Level 5.2 Dodging
 + Level 9.8 Stealth
 + Level 2.4 Shields
 + Level 2.4 Unarmed Combat
 + Level 2.4 Spellcasting
 + Level 2.0 Conjurations
 + Level 2.0 Hexes
 + Level 2.0 Summonings
 + Level 2.0 Necromancy
 + Level 2.0 Translocations
 + Level 2.0 Transmutations
 + Level 2.0 Fire Magic
 + Level 2.0 Ice Magic
 + Level 2.0 Air Magic
 + Level 2.0 Earth Magic
 + Level 2.0 Poison Magic
 + Level 2.7 Invocations
 + Level 2.4 Evocations


You had 10 spell levels left.
You didn't know any spells.
Your spell library was empty.

Dungeon Overview and Level Annotations

Branches:
Dungeon (5/15)             Temple (0/1) D:5           Sewer (1/1)

Altars:
Elyvilon
Qazlal
The Shining One


Innate Abilities, Weirdness & Mutations

You have very sharp teeth.
Your uncanny sense of smell can sniff out nearby items.
Your experience applies equally to all skills.


Message History

You feel very sick.
You feel very sick.
You enter the shallow water.
Moving in this stuff is going to be slow.
You feel sick.
You feel sick.
You enter the shallow water.
Moving in this stuff is going to be slow.
You feel sick.
You are no longer poisoned.
The kobold brigand throws a curare-tipped dart.
The curare-tipped dart barely misses you.
The kobold brigand throws a curare-tipped dart.
The curare-tipped dart hits you.
You are lethally poisoned!
You have difficulty breathing.
* * * LOW HITPOINT WARNING * * *
You feel as though you will be slow longer.
It was a potion of curing.
You feel better.
Okay, then.
Press: ? - help, v - describe, . - travel
Here: a kobold brigand, wielding a +2 short sword of speed and quivering curare-tipped darts Some shallow water.
Unknown command.
Unknown command.
The kobold shouts!
You hit the kobold brigand. Your bite misses the kobold brigand.
The kobold brigand is lightly wounded.
You hit the kobold brigand but do no damage.
Lightning courses through the kobold brigand!
The kobold brigand is severely wounded.
The kobold throws a stone.
The stone misses you. The kobold brigand misses you.
The kobold throws a stone.
The stone hits you.
* * * LOW HITPOINT WARNING * * *
The kobold brigand hits you with a +2 short sword of speed!
* * * LOW HITPOINT WARNING * * *
You closely miss the kobold brigand.
The kobold brigand is severely wounded.
The kobold brigand hits you with a +2 short sword of speed.
You die...

#.≈≈.## ##..≈.# #######
#.≈.≈.#####..≈.≈# #####≈≈≈≈.#
##....≈≈)≈≈.≈≈.########≈≈≈≈.#####
####≈≈≈≈≈≈≈..####.≈.≈.≈≈###†≈≈≈.#
≈# ##..≈...≈## #≈≈≈.≈≈≈≈# #######
≈####≈.≈≈≈≈.####≈≈≈...≈≈###≈†≈≈.#
≈≈##≈.≈.≈≈..≈##≈..≈####≈≈≈..#####
≈..)≈≈..≈.≈≈.≈.≈..## #####≈≈≈≈.#
≈≈....≈≈.≈≈.≈.≈K@## #######
≈≈..≈.≈.....≈..≈≈#
≈≈≈≈≈≈.∩.∩.≈≈≈.≈≈#
.≈.≈≈.....≈....≈≈#
≈..≈.......≈≈≈≈≈≈## #######
.≈...≈≈.≈≈.....≈..## #####≈≈≈).#
≈≈##≈≈..≈≈.≈≈##.K.§####≈...≈#####
≈####.≈.≈..≈####.≈§§§§§≈###.≈≈≈.#
.# ##.≈≈≈≈..## #.§§§§§§≈# #######


You could see a kobold brigand and a kobold.

Vanquished Creatures
  6 kobold brigands (Sewer)
  2 orc wizards (D:4)
  5 adders
  A river rat (Sewer)
  5 worms
  6 orcs (D:4)
  6 ball pythons
  An endoplasm (Sewer)
  2 goblins (D:3)
  A hobgoblin (D:4)
  3 jackals (D:3)
  2 quokkas
  5 kobolds
  4 rats
49 creatures vanquished.

Notes
Turn   | Place    | Note
-------+----------+-------------------------------------------
     0 | D:5      | Reached skill level 9 in Stealth
     0 | D:5      | flotson the Gnoll Delver began the quest for the Orb.
     0 | D:5      | Reached XP level 1. HP: 23/23 MP: 1/1
   107 | D:5      | Noticed a gnoll sergeant
   123 | D:5      | Noticed a phantom
   128 | D:5      | Noticed a water moccasin
   188 | D:4      | Noticed a scorpion
   217 | D:4      | Noticed an ogre
   237 | D:4      | Reached XP level 2. HP: 29/29 MP: 2/2
   445 | D:4      | Reached XP level 3. HP: 20/35 MP: 2/4
   447 | D:4      | Reached skill level 1 in Invocations
   617 | D:4      | Reached skill level 1 in Short Blades
   617 | D:4      | Reached skill level 1 in Long Blades
   617 | D:4      | Reached skill level 1 in Axes
   617 | D:4      | Reached skill level 1 in Maces & Flails
   617 | D:4      | Reached skill level 1 in Staves
   617 | D:4      | Reached skill level 1 in Slings
   617 | D:4      | Reached skill level 1 in Bows
   617 | D:4      | Reached skill level 1 in Crossbows
   617 | D:4      | Reached skill level 1 in Throwing
   617 | D:4      | Reached skill level 1 in Armour
   617 | D:4      | Reached skill level 1 in Shields
   617 | D:4      | Reached skill level 1 in Unarmed Combat
   617 | D:4      | Reached skill level 1 in Spellcasting
   617 | D:4      | Reached skill level 1 in Evocations
   617 | D:4      | Reached XP level 4. HP: 35/41 MP: 5/5
   665 | D:4      | Noticed a scorpion
   742 | D:4      | Found a faded altar of an unknown god.
   742 | D:4      | Found a faded altar of an unknown god.
   748 | D:4      | Found a glowing golden altar of the Shining One.
   750 | D:4      | Found a white marble altar of Elyvilon.
   752 | D:4      | Found a stormy altar of Qazlal.
   956 | D:3      | Reached skill level 1 in Conjurations
   956 | D:3      | Reached skill level 1 in Hexes
   956 | D:3      | Reached skill level 1 in Summonings
   956 | D:3      | Reached skill level 1 in Necromancy
   956 | D:3      | Reached skill level 1 in Translocations
   956 | D:3      | Reached skill level 1 in Transmutations
   956 | D:3      | Reached skill level 1 in Fire Magic
   956 | D:3      | Reached skill level 1 in Ice Magic
   956 | D:3      | Reached skill level 1 in Air Magic
   956 | D:3      | Reached skill level 1 in Earth Magic
   956 | D:3      | Reached skill level 1 in Poison Magic
  1020 | D:3      | Found a glowing drain.
  1035 | Sewer    | Entered a sewer
  1096 | Sewer    | Noticed a kobold brigand
  1122 | Sewer    | Killed a kobold brigand
  1123 | Sewer    | Reached XP level 5. HP: 33/47 MP: 5/7
  1452 | Sewer    | Noticed a kobold brigand
  1473 | Sewer    | Killed a kobold brigand
  1474 | Sewer    | Reached XP level 6. HP: 26/53 MP: 8/8
  2150 | Sewer    | Reached skill level 5 in Polearms
  2150 | Sewer    | Reached skill level 5 in Dodging
  2305 | Sewer    | Reached XP level 7. HP: 60/60 MP: 10/10
  2612 | Sewer    | HP: 2/60 [asphyx]
  2617 | Sewer    | Slain by a kobold brigand

Illustrated notes

Levels and vault maps discovered:
D:3:      layout_basic, nicolae_overflow_hidden_temple, portal_sewer_entry_a,
          uniq_sigmund
D:4:      layout_basic, chequers_temple_overflow_minitemple
D:5:      layout_layer_cave, minmay_temple_entry_large_hall,
          lexackson_kobold_supper
Sewer:    sewer_co_tree

Skill      XL: |  1  2  3  4  5  6  7 |
---------------+----------------------+-----
Stealth        | |  9.8
Invocations    | 1 2 |  2.7
Short Blades   | 1 2 |  2.4
Long Blades    | 1 2 |  2.4
Axes           | 1 2 |  2.4
Maces & Flails | 1 2 |  2.4
Staves         | 1 2 |  2.4
Slings         | 1 2 |  2.4
Bows           | 1 2 |  2.4
Crossbows      | 1 2 |  2.4
Throwing       | 1 2 |  2.4
Armour         | 1 2 |  2.4
Shields        | 1 2 |  2.4
Unarmed Combat | 1 2 |  2.4
Spellcasting   | 1 2 |  2.4
Evocations     | 1 2 |  2.4
Conjurations   | 1 2 |  2.0
Hexes          | 1 2 |  2.0
Summonings     | 1 2 |  2.0
Necromancy     | 1 2 |  2.0
Translocations | 1 2 |  2.0
Transmutations | 1 2 |  2.0
Fire Magic     | 1 2 |  2.0
Ice Magic      | 1 2 |  2.0
Air Magic      | 1 2 |  2.0
Earth Magic    | 1 2 |  2.0
Poison Magic   | 1 2 |  2.0
Polearms       | 5 |  5.2
Dodging        | 5 |  5.2
Fighting       | 7 |  7.0

Action                   |  1- 3 |  4- 6 |  7- 9 || total
-------------------------+-------+-------+-------++-------
Melee: Spear             |    70 |   154 |       ||   224
       Bite              |     3 |     9 |       ||    12
       Short sword       |       |       |    26 ||    26
 Fire: Hand crossbow     |       |     9 |     5 ||    14
Throw: Dart              |       |    20 |     3 ||    23
       Boomerang         |       |    12 |       ||    12
  Use: Scroll            |     1 |     1 |     2 ||     4
       Potion            |     1 |       |     1 ||     2
 Stab: Sleeping          |     2 |       |       ||     2
Armor: Leather armour    |     7 |       |       ||     7
       Ring mail         |     3 |    51 |    13 ||    67
Dodge: Dodged            |    23 |    75 |    20 ||   118

Table legend: (Time is in decaauts)
 A = Elapsed time spent in this place.
 B = Non-inter-level travel time spent in this place.
 C = Inter-level travel time spent in this place.
 D = Time resting spent in this place.
 E = Time spent auto-exploring this place.
 F = Levels seen in this place.
 G = Mean time per level.
                   A        B        C        D        E       F      G
               +--------+--------+--------+--------+--------+-----+--------+
         Total |   2767 |   2767 |      0 |    277 |   1745 |   4 |  691.8 |
       Dungeon |   1006 |   1006 |      0 |      0 |    639 |   3 |  335.3 |
         Sewer |   1761 |   1761 |      0 |    277 |   1105 |   1 | 1761.0 |
               +--------+--------+--------+--------+--------+-----+--------+

Top non-repeatable levels by time:
   Sewer: 1761 daAuts
     D:4: 717 daAuts
     D:5: 145 daAuts
     D:3: 142 daAuts
